 Dungeon Crawl Stone Soup version 0.31-b1-20-g67cafac56d (webtiles) character file.

Game seed: 4656369468668689954

410 Aldia the Conjurer (level 6, -2/34 HPs)
             Began as a Deep Elf Conjurer on Jan 18, 2024.
             Was a Follower of Dithmenos.
             Slain by a human zombie (7 damage)
             ... in an ossuary.
             The game lasted 00:09:02 (3822 turns).

Aldia the Conjurer (Deep Elf Conjurer)              Turns: 3822, Time: 00:09:03

Health: -2/34      AC:  2    Str:  4    XL:     6   Next: 58%
Magic:  4/15       EV: 13    Int: 25    God:    Dithmenos [*.....]
Gold:   192        SH:  0    Dex: 13    Spells: 3/14 levels left

rFire   + . .        e - +0 short sword
rCold   . . .        (no shield)
rNeg    . . .        a - +0 robe
rPois   .            (no helmet)
rElec   .            (no cloak)
rCorr   .            (no gloves)
SInv    .            (no boots)
Will    .....        s - amulet of regeneration
Stlth   +++          j - ring of protection from fire
HPRegen 1.05/turn    (no ring)
MPRegen 0.14/turn

%: no passive effects
@: marked, wreathed by umbra
A: no striking features
a: Renounce Religion


You were in an ossuary.
You worshipped Dithmenos.
Dithmenos was aware of your devotion.
You visited 1 branch of the dungeon, and saw 4 of its levels.
You also visited: Ossuary.

You collected 192 gold pieces.

Inventory:

Hand Weapons
 e - a +0 short sword (weapon)
Missiles
 r - a throwing net
Armour
 a - a +0 robe (worn)
Jewellery
 j - a ring of protection from fire (left hand)
 o - an amulet of guardian spirit
 s - an amulet of regeneration (around neck)
Wands
 n - a wand of iceblast (8)
Scrolls
 f - a scroll of immolation
 g - a scroll of fear {unknown}
 h - a scroll of amnesia {unknown}
 k - a scroll of blinking {unknown}
 m - a scroll of vulnerability
 q - 2 scrolls of teleportation
Potions
 d - 2 potions of curing
 i - a potion of cancellation
 l - a potion of enlightenment
 p - a potion of invisibility


   Skills:
 - Level 1.2 Fighting
 + Level 3.6 Dodging
 - Level 3.5 Stealth
 + Level 4.9 Spellcasting
 * Level 6.4 Conjurations
 + Level 2.1 Alchemy


You had 3 spell levels left.
You knew the following spells:

 Your Spells              Type           Power      Damage    Failure   Level
a - Magic Dart            Conj           100%       1d8       1%          1
b - Searing Ray           Conj           76%        2d7       1%          2
c - Fulminant Prism       Conj/Alch      13%        3d8       14%         4
d - Iskenderun's Mystic   Conj/Tloc      22%        2d6       22%         4

Your spell library contained the following spells:

 Spells                   Type           Power      Damage    Failure   Level
 Kiss of Death            Conj/Necr      88%        2d12      2%          1
 Cigotuvi's Dreadful Rot  Necr/Alch/Air  18%        N/A       10%         2
 Confusing Touch          Hex            6%         N/A       26%         3
 Dispel Undead            Necr           6%         3d8       63%         4
 Martyr's Knell           Necr/Summ      6%         N/A       63%         4
 Death Channel            Necr           3%         N/A       100%        6


Dungeon Overview and Level Annotations

Branches:
Dungeon (4/15)            Ossuary (1/1)
 Temple: D:4-7

Altars:
Dithmenos


Message History

You barely miss the human zombie.
The human zombie is moderately damaged.
The hound zombie bites you. x2; The human zombie barely misses you.
You hit the human zombie but do no damage.
The human zombie is moderately damaged.
The hound zombie misses you.
You hit the hound zombie.
The hound zombie is severely damaged.
The hound zombie misses you. The human zombie hits you.
You barely miss the hound zombie.
The hound zombie is severely damaged.
The hound zombie bites you but does no damage.
A kobold zombie comes into view.
The human zombie hits you.
You hit the mummy.
The mummy is almost destroyed.
The human zombie hits you.
You hit the mummy but do no damage.
The mummy is almost destroyed.
The human zombie barely misses you.
You hit the mummy but do no damage.
The mummy is almost destroyed.
The mummy barely misses you.
Your magical contamination has completely faded away.
You hit the mummy but do no damage.
The mummy is almost destroyed.
The human zombie hits you.
You hit the mummy but do no damage.
The mummy is almost destroyed.
The human zombie misses you. The mummy hits you!
* * * LOW HITPOINT WARNING * * *
You hit the mummy but do no damage.
The mummy is almost destroyed.
The human zombie hits you.
* * * LOW HITPOINT WARNING * * *
You hit the mummy.
You destroy the mummy!
Dithmenos accepts your kill. The hound zombie closely misses you.
The human zombie hits you!
You die... #...####'.... #...# #...#.....∩.# #...# #...#.......# #...# #...#.......# #...# #...# ......## #...# #...# .ZZZ.

#...# #...# #ZZ# #...#
#...# #ZZ# #...# #...#
#.@# #...#
#...######^.######...#
#....................#
#........8..8........#
#....................#
#....................#
######################


You could see an adder zombie, a hound zombie, 2 kobold zombies, an elf zombie
and 2 human zombies.

Vanquished Creatures
  2 elf zombies (Ossuary)
  2 centaur zombies (Ossuary)
  5 hound zombies (Ossuary)
  2 mummies (Ossuary)
  3 adders
  A gnoll (D:3)
  3 adder zombies (Ossuary)
  A dart slug (D:2)
  2 orcs
  8 bats
  5 endoplasms
  4 giant cockroaches
  11 goblins
  8 hobgoblins
  8 kobolds
  3 quokkas (D:1)
  6 ball pythons
  4 frilled lizards
  8 gnoll zombies (Ossuary)
  4 jackal zombies (Ossuary)
  3 kobold zombies (Ossuary)
  3 orc zombies (Ossuary)
  5 rats
101 creatures vanquished.

Vanquished Creatures (others)
  2 fulminant prisms (Ossuary)
2 creatures vanquished.

Grand Total: 103 creatures vanquished

Notes
Turn   | Place    | Note
-------+----------+-------------------------------------------
     0 | D:1      | Aldia the Deep Elf Conjurer began the quest for the Orb.
     0 | D:1      | Reached XP level 1. HP: 10/10 MP: 6/6
   391 | D:1      | Reached XP level 2. HP: 16/16 MP: 6/8
   451 | D:1      | Learned a level 2 spell: Searing Ray
   978 | D:2      | Identified the +6 war axe of the Eternal Void {antimagic,
                  | rElec rF+++ rC- Str+3}
  1111 | D:2      | Reached XP level 3. HP: 20/20 MP: 7/9
  1378 | D:2      | Reached skill level 5 in Conjurations
  1436 | D:2      | Reached skill level 1 in Fighting
  1703 | D:2      | Found a faded altar of an unknown god.
  1956 | D:3      | Found a shadowy altar of Dithmenos.
  2053 | D:3      | Reached XP level 4. HP: 25/25 MP: 7/11
  2058 | D:3      | Learned a level 4 spell: Fulminant Prism
  2821 | D:3      | Became a worshipper of Dithmenos the Shadowed
  3050 | D:4      | Found a sand-covered staircase.
  3058 | Ossuary  | Entered an ossuary
  3072 | Ossuary  | Learned a level 4 spell: Iskenderun's Mystic Blast
  3126 | Ossuary  | Reached XP level 5. HP: 7/29 MP: 10/13
  3130 | Ossuary  | Reached skill level 1 in Alchemy
  3343 | Ossuary  | Reached * piety under Dithmenos
  3344 | Ossuary  | Reached skill level 6 in Conjurations
  3352 | Ossuary  | Reached XP level 6. HP: 34/34 MP: 4/14
  3822 | Ossuary  | Slain by a human zombie

Illustrated notes

Levels and vault maps discovered:
D:1:      amcnicky_arrival_flooded_fountain, layout_basic, minmay_quantized
D:2:      layout_loops_ring, dreamdust_ecumenical_altar_statues,
          kennysheep_generic_room_10
D:3:      layout_basic, mainiacjoe_overflow_surrounded_room,
          kennysheep_big_empty_room, minmay_joined_circles
D:4:      layout_loops_ring, minmay_temple_entry_junction,
          nicolae_ossuary_entry_ruins, nicolae_letterblocks
          [nicolae_letter_subblock, nicolae_letter_subblock,
          nicolae_letter_subblock, nicolae_letter_subblock,
          nicolae_letter_subblock, nicolae_letter_subblock,
          nicolae_letter_subblock, nicolae_letter_subblock,
          nicolae_letter_subblock, nicolae_letter_subblock,
          nicolae_letter_subblock, nicolae_letter_subblock,
          nicolae_letter_subblock, nicolae_letter_subblock,
          nicolae_letter_subblock, nicolae_letter_subblock,
          nicolae_letter_subblock, nicolae_letter_subblock,
          nicolae_letter_subblock, nicolae_letter_subblock,
          nicolae_letter_subblock, nicolae_letter_subblock,
          nicolae_letter_subblock, nicolae_letter_subblock,
          nicolae_letter_subblock], uniq_robin, uniq_edmund, uniq_duvessa
Ossuary:  ossuary_tomb_1

Skill      XL: |  1  2  3  4  5  6 |
---------------+-------------------+-----
Stealth        | 3 |  3.5
Conjurations   | 5 6 |  6.4
Fighting       | 1 |  1.2
Spellcasting   | 4 |  4.9
Dodging        | 3 |  3.6
Alchemy        | 1 2 |  2.1

Action                     |  1- 3 |  4- 6 || total
---------------------------+-------+-------++-------
  Melee: Short sword       |       |    62 ||    62
         Punch             |       |     1 ||     1
   Cast: Magic Dart        |    67 |    71 ||   138
         Searing Ray       |     2 |    15 ||    17
         Fulminant Prism   |       |     2 ||     2
    Use: Scroll            |       |     7 ||     7
         Potion            |       |     1 ||     1
 Armour: Robe              |     1 |    81 ||    82
  Dodge: Dodged            |     5 |    75 ||    80
